 Dungeon Crawl Stone Soup version 0.29-a0-378-gc08b2e8bf8 (webtiles) character file.

Game seed: 14675430591353900467

25 lesaewzxc the Magician (level 3, -1/19 HPs)
             Began as a Tengu Hedge Wizard on May 4, 2022.
             Slain by Terence
             ... wielding a +0 trident
              (9 damage)
             ... on level 3 of the Dungeon.
             The game lasted 00:14:49 (1631 turns).

lesaewzxc the Magician (Tengu Hedge Wizard)         Turns: 1631, Time: 00:14:49

Health: -1/19      AC:  6    Str: 10    XL:     3   Next: 4%
Magic:  8/8        EV: 19    Int: 16    God:
Gold:   93         SH:  0    Dex: 13    Spells: 5/8 levels left

rFire   + + .      SeeInvis .   (weapon currently unavailable)
rCold   + + .      Faith    .   (shield currently unavailable)
rNeg    + + +      Spirit   .   (body armour currently unavailable)
rPois   ∞          Reflect  .   (helmet currently unavailable)
rElec   +          Harm     .   (cloak currently unavailable)
rCorr   +          Rampage  .   (gloves currently unavailable)
Will    .....                   (boots unavailable)
Stlth   ++........              (amulet currently unavailable)
HPRegen 0.06/turn               (ring currently unavailable)
MPRegen 0.11/turn               (ring currently unavailable)

@: wisp-form, flying
A: insubstantial, flying, no casting, tiny, (beak), (talons 3)
a: no special abilities


You were on level 3 of the Dungeon.
You were an insubstantial wisp.
You visited 1 branch of the dungeon, and saw 3 of its levels.

You collected 93 gold pieces.

Inventory:

Hand Weapons
 a - a +0 dagger (melded)
Armour
 b - a +0 robe (melded)
 c - a +0 hat (melded)
 g - an orb of light (melded)
Jewellery
 j - a ring of positive energy (melded)
Scrolls
 e - a scroll of magic mapping {unknown}
 f - a scroll of blinking {unknown}
 h - a scroll of vulnerability {unknown}
 k - a scroll of identify
 l - a scroll of summoning {unknown}
Potions
 d - a potion of magic
 i - 2 potions of curing


   Skills:
 + Level 2.3 Dodging
 + Level 2.2 Stealth
 * Level 0.9 Shields
 + Level 3.1 Spellcasting
 + Level 1.7 Conjurations
 + Level 1.7 Summonings
 + Level 1.1 Translocations


You had 5 spell levels left.
You knew the following spells:

 Your Spells              Type           Power      Damage    Failure   Level
a - Magic Dart            Conj           32%        1d4       9%          1
b - Call Imp              Summ           7%         N/A       14%         2

Your spell library contained the following spells:

 Spells                   Type           Power      Damage    Failure   Level
 Blink                    Tloc           12%        N/A       17%         2
 Slow                     Hex            8%         N/A       19%         1
 Conjure Flame            Conj/Fire      5%         6-21      36%         3
 Mephitic Cloud           Conj/Pois/Air  4%         N/A       41%         3


Dungeon Overview and Level Annotations

Branches:
Dungeon (3/15)

Altars:

Annotations:
D:3 Terence


Innate Abilities, Weirdness & Mutations

You are an insubstantial wisp.
Your tiny insubstantial body is highly resistant to most damage types.
You are flying.
Your equipment is entirely melded.
You are incapable of wielding weapons or throwing items.
You cannot cast spells.
((You have a beak for a mouth.))
((You have claws for feet.))


Message History

Your roots penetrate the ground.
Your transformation is almost over.
You feel less wooden.
Your +0 hat unmelds from your body.
Your +0 robe unmelds from your body.
e - a scroll labelled IRGHYB ROIFOTOE A rat comes into view.
Found 11 gold pieces.
Found 27 stones.
Found a rapier.
You hit the rat.
You kill the rat!
You now have 93 gold pieces (gained 11).
You see here a rat corpse.
Found a dagger.
Found a glowing agate ring.
j - a ring of positive energy
j - a ring of positive energy (left hand)
Found a spear.
You see here a +0 spear.
Found a stone staircase leading up.
There is a stone staircase leading up here.
You open the door.
Terence the Incautious comes into view.
He is wielding a +0 trident and carrying a wand of polymorph (8).
Terence shouts!
Terence zaps a wand.
You turn into an insubstantial wisp.
Your +0 dagger melds into your body.
Your +0 hat melds into your body.
Your orb of light melds into your body.
Your +0 robe melds into your body.
Your ring of positive energy melds into your body.
There is an open door here.
Terence barely misses you. Terence hits you with a +0 trident.
Touch: -) Misty tendrils
Press: ? - help, Dir - move target, f - Terence
Aim: Terence, wielding a +0 trident, wearing a +0 chain mail and carrying a wand of polymorph (7) (about 16% to evade your misty tendrils)
You touch Terence but do no damage.
Terence hits you with a +0 trident.
You can't do that in your present form.
Terence completely misses you. Terence barely misses you.
Terence hits you from afar with a +0 trident!
You die...

#. #.## ##.....##
#.......# #.###..##
##.......## #...###.#
#.......####.........#
#.....#.#
###........+.........+
.........
#.#...####.........#
##...#.#.# #....##
#.......# ##..#.#.#
###.## #@....# . ..#
#.# ##...## ##.### #.#
##v## #. #.# #.# # #.#
###.### #.# ####<....#
#.# #........# #.#
#.##......... #.#
##.##.....####
#)####...#.#.#.#
#.......##.###.#


You could see Terence.

Vanquished Creatures
  A dart slug (D:3)
  2 ball pythons (D:1)
  An endoplasm (D:2)
  A goblin (D:2)
  3 hobgoblins (D:1)
  4 kobolds (D:1)
  A quokka (D:1)
  5 bats (D:1)
  A frilled lizard (D:1)
  3 rats
22 creatures vanquished.

Notes
Turn   | Place    | Note
-------+----------+-------------------------------------------
     0 | D:1      | lesaewzxc the Tengu Hedge Wizard began the quest for the
                  | Orb.
     0 | D:1      | Reached XP level 1. HP: 10/10 MP: 5/5
   264 | D:1      | Reached skill level 1 in Translocations
   264 | D:1      | Reached XP level 2. HP: 15/15 MP: 2/7
   267 | D:1      | Learned a level 2 spell: Call Imp
   464 | D:1      | Upgraded the game from 0.29-a0-375-g5102b3be25 to
                  | 0.29-a0-378-gc08b2e8bf8
  1258 | D:3      | Reached XP level 3. HP: 5/19 MP: 0/8
  1623 | D:3      | Noticed Terence
  1631 | D:3      | Slain by Terence

Illustrated notes

Levels and vault maps discovered:
D:1:      beargit_arrival_greenhouse, layout_loops_ring, minivault_5,
          minmay_pentomino_t2
D:2:      layout_basic
D:3:      layout_loops_corners, chequers_big_river, uniq_terence, uniq_natasha

Skill      XL: |  1 |
---------------+----+-----
Translocations | 1 |  1.1
Dodging        | |  2.3
Stealth        | |  2.2
Shields        | |  0.9
Spellcasting   | |  3.1
Conjurations   | |  1.7
Summonings     | |  1.7

Action                   || total
-------------------------++-------
Melee: Dagger            ||    15
       Kick              ||     4
       Peck              ||     1
       Unarmed           ||     1
 Cast: Magic Dart        ||    32
       Call Imp          ||     2
  Use: Scroll            ||     2
       Potion            ||     4
 Stab: Distracted        ||     1
Armor: Robe              ||    10
Dodge: Dodged            ||    29

Table legend: (Time is in decaauts)
 A = Elapsed time spent in this place.
 B = Non-inter-level travel time spent in this place.
 C = Inter-level travel time spent in this place.
 D = Time resting spent in this place.
 E = Time spent auto-exploring this place.
 F = Levels seen in this place.
 G = Mean time per level.
                   A        B        C        D        E       F      G
               +--------+--------+--------+--------+--------+-----+--------+
         Total |   1630 |   1601 |     29 |      0 |     28 |   3 |  543.3 |
       Dungeon |   1630 |   1601 |     29 |      0 |     28 |   3 |  543.3 |
               +--------+--------+--------+--------+--------+-----+--------+

Top non-repeatable levels by time:
     D:1: 831 daAuts
     D:3: 460 daAuts
     D:2: 338 daAuts
